[Event "Western Asian Juniors Chess-ch 2023"]
[Site "Colombo"]
[Date "2023.11.30"]
[Round "1.1"]
[White "Samaranayake, Pamok Methdinu"]
[Black "Liyanage, Ranindu Dilshan"]
[Result "0-1"]
[ECO "D00"]
[WhiteElo "1720"]
[BlackElo "2400"]
[Annotator "TA"]
[PlyCount "120"]
[EventDate "2023.11.30"]
[EventCountry "SRI"]
[SourceTitle "playchess.com"]
[Source "ChessBase"]
[SourceQuality "1"]
[TimeControl "5400+30"]

1. d4 e6 2. Bf4 d5 3. Nc3 Bd6 4. e3 Nf6 5. Nf3 a6 6. Ne5 {[%emt 0:01:08] D00: 1 d4 d5: Unusual lines.} b5 7. a3 Bb7 8. Bd3 {[%emt 0:00:45] [#] The position is equal.} c5 $146 ({Predecessor:} 8... Nbd7 9. Bg3 Qe7 10. f4 Ne4 11. Nxe4 dxe4 12. Be2 O-O 13. c4 f6 14. Nxd7 Qxd7 {0-1 Tsydypov,Z (2593)-Tang,A (2582) Wch Blitz Almaty 2022 (21)}) 9. g4 c4 10. Be2 Ne4 11. Nxe4 dxe4 12. g5 Bxe5 13. Bxe5 Qxg5 14. h4 $1 Qe7 {[%emt 0:00:00] Black is weak on the dark squares} (14... Qg2 15. Kd2 Nc6 16. Bg3 Nxd4 17. exd4 e3+ 18. Kxe3 $16) 15. Bxg7 Rg8 16. Be5 Nd7 (16... Nc6 $5 ) 17. Bg3 Nb6 18. Qd2 Rc8 19. c3 $1 a5 20. Rb1 (20. Rg1 $14) 20... Nd5 $11 21. Bf1 Kd7 22. b3 $2 (22. Qe2 $15) 22... Qxa3 $19 23. bxc4 Nxc3 24. Rc1 {[%emt 0:00:30] [#]} Nd5 25. Rb1 Nb4 (25... Nc3 26. Rc1 b4 27. d5) 26. c5 Bc6 (26... Nd3+ 27. Bxd3 Qxd3 28. Qxd3 exd3 29. Rg1 $17) 27. Be2 Nd5 (27... f5 $19 {...Nd5 would be deadly.} 28. Qb2 Rxg3 29. Qxa3 Nc2+ 30. Kd2 Nxa3 31. fxg3 Nxb1+ 32. Rxb1 b4) 28. O-O $17 (28. Bxb5 $2 Bxb5 29. Qb2 (29. Rxb5 $2 Qa1+ {[%mdl 64] Skewer} 30. Qd1 Qxd1+ 31. Kxd1 Nc3+ 32. Kc2 Nxb5 $19) 29... Qb4+ 30. Qxb4 axb4 $19) 28... Qc3 {[%emt 0:01:03] Black is more active.} (28... b4 $142 {[%cal Od5e3] Hoping for ...Nxe3!} 29. Kh2 f5) 29. Qa2 f5 (29... Nxe3 $1 $17 30. Rfc1 Qxd4) 30. Rb3 $1 $14 Nb4 $1 31. Rxc3 Nxa2 32. Ra3 Nb4 {[%emt 0:00:16] Strongly threatening ...Ra8.} 33. Rxa5 {[%emt 0:02:14] aiming for Ra7+.} Ra8 {[%emt 0:01:36] Repels Ra7+} 34. Rfa1 Nd3 (34... Rxa5 $142 35. Rxa5 e5) 35. Ra7+ $16 {[%emt 0:00:00][%mdl 64] Skewer} Rxa7 36. Rxa7+ Kd8 {[%emt 0:00:07] [#]} 37. Kf1 $1 {[%emt 0:00:00] And now Bc7+ would win.} (37. Rxh7 b4 38. Bd1 f4 39. exf4 e3 $15) 37... b4 {[%emt 0:00:18] [#]} 38. Bd1 (38. Rxh7 $2 b3 39. Bd1 b2 $19) ({Only move:} 38. Bc7+ $1 $18 Kc8 39. Bd6) 38... f4 $14 39. exf4 (39. Bxf4 $14 Nxf4 40. exf4) 39... e3 $1 $11 40. Bc2 {[%emt 0:00:00] [#]} (40. Rxh7 exf2 41. Bxf2 Bg2+ 42. Ke2 Be4 $17) 40... Nxf4 {[%emt 0:00:25][%mdl 64] ...Bb5+ is the strong threat. Back Rank} 41. fxe3 $1 Rxg3 42. exf4 $15 {[%emt 0:00:07][%mdl 4096] Endgame KRB-KRB} b3 43. Bxh7 b2 44. Kf2 Rf3+ 45. Ke2 Rxf4 46. Ra2 $2 (46. Kd2 $11 {and White stays safe.}) 46... Rxh4 $19 47. Bd3 (47. Bb1 $142 Bd5 48. Ra4) 47... Bb5 {[%emt 0:01:31][%mdl 64] Decoy, Promotion} ({And not} 47... Rxd4 48. Rxb2 Rd5 49. Ke3 $11) 48. Ra8+ $2 (48. Ke3 $19 Rh3+ {[%mdl 64] Deflection} 49. Kf4 Rxd3 50. Rxb2) 48... Kc7 49. Ra7+ Kb8 50. Bxb5 b1=Q (50... b1=B $2 51. Rd7 $18) 51. Bd3 Rh2+ 52. Ke3 Rh3+ 53. Kf2 Qb2+ 54. Be2 Kxa7 55. c6 Qxd4+ 56. Ke1 Rh1+ 57. Bf1 Qe3+ 58. Kd1 Rxf1+ 59. Kc2 Rf2+ 60. Kb1 Qe1# {[%emt 0:00:05] Both players deserved the win here. An entertaining game by Liyanage.   Weighted Error Value: White=0.32/Black=0.16 (very precise)} 0-1

[Event "Western Asian Juniors Chess-ch 2023"]
[Site "Colombo"]
[Date "2023.11.30"]
[Round "1.2"]
[White "De Silva, L M S T"]
[Black "Ovitigala, Chenitha Mithvidu"]
[Result "1-0"]
[ECO "A13"]
[WhiteElo "2394"]
[BlackElo "1710"]
[Annotator "RC"]
[PlyCount "141"]
[EventDate "2023.11.30"]
[EventCountry "SRI"]
[SourceTitle "playchess.com"]
[Source "ChessBase"]
[SourceQuality "1"]
[TimeControl "5400+30"]

1. Nf3 Nf6 2. c4 e6 3. e3 d5 4. b3 g6 5. Bb2 Bg7 6. Be2 O-O 7. O-O b6 8. cxd5 exd5 9. Nc3 Bb7 10. Rc1 Ne4 11. Qc2 Nxc3 12. Bxc3 c5 13. Bxg7 Kxg7 14. d4 Nd7 15. dxc5 bxc5 16. Rfd1 Qe7 17. Ne1 Rac8 18. Bf3 Nf6 19. Qb2 Kg8 20. Qa3 Rc7 21. Nd3 c4 22. Qxe7 Rxe7 23. bxc4 dxc4 24. Bxb7 Rxb7 25. Rxc4 Rd8 26. Kf1 Kg7 27. Ke1 Rd6 28. f3 Rd5 29. e4 Ra5 30. Rd2 Rb1+ 31. Rc1 Rb6 32. Nc5 Rc6 33. Rdc2 Nh5 34. Nb3 Rxc2 35. Rxc2 Ra3 36. Kd2 Nf4 37. g3 Ne6 38. Kc1 Ng5 39. Kb2 Ra6 40. Rc3 Rd6 41. h4 Ne6 42. Kc1 Ra6 43. Rc2 Rd6 44. Rd2 Rc6+ 45. Kb2 Rc7 46. f4 Rb7 47. Rd5 Rb4 48. e5 Re4 49. Kc3 Re3+ 50. Rd3 Re2 51. a4 Re4 52. a5 h5 53. Kb2 Nc7 54. Rd7 Nb5 55. Nc5 Rc4 56. Ne6+ Kg8 57. Rd8+ Kh7 58. Ng5+ Kg7 59. Rd7 Rb4+ 60. Kc2 Rc4+ 61. Kb3 Rc7 62. e6 Rxd7 63. exd7 Nd4+ 64. Kc4 Nc6 65. Kd5 Nd8 66. a6 Kg8 67. Kd6 Kf8 68. Ne4 f5 69. Nc5 Nf7+ 70. Ke6 Nd8+ 71. Kf6 1-0

[Event "Western Asian Juniors Chess-ch 2023"]
[Site "Colombo"]
[Date "2023.11.30"]
[Round "1.3"]
[White "Janukshan, B."]
[Black "Harshavardhan G B"]
[Result "0-1"]
[ECO "A46"]
[WhiteElo "1635"]
[BlackElo "2390"]
[Annotator "RC"]
[PlyCount "92"]
[EventDate "2023.11.30"]
[EventCountry "SRI"]
[SourceTitle "playchess.com"]
[Source "ChessBase"]
[SourceQuality "1"]
[TimeControl "5400+30"]

1. d4 Nf6 2. Nf3 e6 3. g3 b5 4. Bg2 d5 5. a4 b4 6. c4 bxc3 7. Nxc3 Nbd7 8. O-O Bb7 9. Bf4 a6 10. Qb3 Rb8 11. Rac1 Ba8 12. Qc2 Rc8 13. Rfd1 c5 14. e3 Be7 15. Ne5 O-O 16. Nxd7 Nxd7 17. h4 Qb6 18. Qe2 Bb7 19. h5 h6 20. Rc2 Rfd8 21. Rcd2 Bf6 22. Qg4 Kh8 23. Bf1 Re8 24. Bg2 Rcd8 25. Qh3 Be7 26. g4 Rc8 27. Qg3 Nf6 28. Bf3 Nh7 29. dxc5 Bxc5 30. Be5 Bb4 31. Re2 f6 32. Bd4 Qa5 33. Na2 Qxa4 34. b3 Qb5 35. Nxb4 Qxb4 36. Ra1 Ng5 37. Bg2 e5 38. Bb2 Qxb3 39. f4 Nf7 40. Kf2 Rc2 41. Ba3 exf4 42. Qxf4 Ne5 43. Qd4 Nxg4+ 44. Ke1 Rxe2+ 45. Kxe2 Qc2+ 46. Kf3 Qf2+ 0-1

[Event "Western Asian Juniors Chess-ch 2023"]
[Site "Colombo"]
[Date "2023.11.30"]
[Round "1.4"]
[White "Thilakarathne, G M H"]
[Black "Kulathilake, S M M P"]
[Result "1/2-1/2"]
[ECO "A06"]
[WhiteElo "2389"]
[BlackElo "1583"]
[Annotator "RC"]
[PlyCount "84"]
[EventDate "2023.11.30"]
[EventCountry "SRI"]
[SourceTitle "playchess.com"]
[Source "ChessBase"]
[SourceQuality "1"]
[TimeControl "5400+30"]

1. Nf3 d5 2. b3 Nf6 3. Bb2 e6 4. g3 Bd6 5. Bg2 Nbd7 6. O-O b6 7. c4 Bb7 8. cxd5 Bxd5 9. d3 e5 10. Nc3 Bb7 11. Nb5 O-O 12. Nxd6 cxd6 13. Ba3 Qe7 14. Nh4 Bxg2 15. Kxg2 Qe6 16. e4 Rfd8 17. Nf5 Nc5 18. Rc1 Rac8 19. Qe2 d5 20. f3 dxe4 21. dxe4 g6 22. Ne3 Kg7 23. Bxc5 bxc5 24. Rc2 Rd4 25. Qb5 Qb6 26. Qe2 Rcd8 27. Rf2 h5 28. Nc4 Qc7 29. h4 Nd7 30. Nb2 Nb6 31. Qb5 Rc8 32. Nd3 Qd7 33. Qxd7 Nxd7 34. Nb2 Nb6 35. Rc3 c4 36. b4 Rcd8 37. Rcc2 f5 38. exf5 gxf5 39. a4 e4 40. fxe4 fxe4 41. Rfe2 Rc8 42. a5 Nd5 1/2-1/2

[Event "Western Asian Juniors Chess-ch 2023"]
[Site "Colombo"]
[Date "2023.11.30"]
[Round "1.5"]
[White "Sathsindu, W M Minura"]
[Black "Raahul V S"]
[Result "0-1"]
[ECO "E01"]
[WhiteElo "1542"]
[BlackElo "2350"]
[Annotator "RC"]
[PlyCount "98"]
[EventDate "2023.11.30"]
[EventCountry "SRI"]
[SourceTitle "playchess.com"]
[Source "ChessBase"]
[SourceQuality "1"]
[TimeControl "5400+30"]

1. d4 d5 2. Nf3 Nf6 3. c4 e6 4. g3 Nbd7 5. Qc2 dxc4 6. Bg2 Rb8 7. Qxc4 c5 8. O-O b5 9. Qc2 Bb7 10. dxc5 Bxc5 11. Bg5 Qb6 12. Nc3 Ng4 13. Nd1 h6 14. Bd2 Rc8 15. Qb1 b4 16. h3 Ngf6 17. Ne3 Ne4 18. Qe1 Nxg3 19. fxg3 Bxe3+ 20. Bxe3 Qxe3+ 21. Qf2 Qxf2+ 22. Kxf2 Nf6 23. Rfc1 O-O 24. Ne5 Bxg2 25. Kxg2 Rcd8 26. Rc2 Rd5 27. Nc6 Rg5 28. Kf3 a5 29. Rd1 Rf5+ 30. Kg2 Kh7 31. Rf1 Rd5 32. Rf3 Rc8 33. Rd3 Rb5 34. b3 Ne4 35. Nxb4 Rbc5 36. Rxc5 Nxc5 37. Rd4 e5 38. Rc4 axb4 39. Rxb4 Ne6 40. a4 Rc2 41. Re4 f6 42. Kf1 Nd4 43. b4 Rb2 44. b5 Rb4 45. e3 Rb1+ 46. Kf2 Rb2+ 47. Ke1 f5 48. exd4 fxe4 49. d5 Kg6 0-1

[Event "Western Asian Juniors Chess-ch 2023"]
[Site "Colombo"]
[Date "2023.11.30"]
[Round "1.6"]
[White "Orozbaev, Eldiar"]
[Black "Wijerathna, Vinuka Dihain"]
[Result "1-0"]
[ECO "C26"]
[WhiteElo "2278"]
[BlackElo "1534"]
[Annotator "RC"]
[PlyCount "77"]
[EventDate "2023.11.30"]
[EventCountry "SRI"]
[SourceTitle "playchess.com"]
[Source "ChessBase"]
[SourceQuality "1"]
[TimeControl "5400+30"]

1. e4 e5 2. Nc3 Nf6 3. d4 exd4 4. Qxd4 Nc6 5. Qd3 Bc5 6. Qg3 Qe7 7. Bd3 d5 8. Bg5 Bd6 9. Qh4 Nb4 10. O-O-O Nxd3+ 11. Rxd3 Qe6 12. exd5 Qg4 13. Re3+ Kf8 14. Bxf6 gxf6 15. Qh6+ Qg7 16. Re8+ Kxe8 17. Qxg7 Rf8 18. Nf3 Bf5 19. Nd4 Bg6 20. Qxf6 Kd7 21. Ncb5 Be7 22. Qf4 Bd8 23. h4 h5 24. g4 Rh8 25. gxh5 Rxh5 26. Qg4+ Ke8 27. Ne6 Rxd5 28. Nbxc7+ Bxc7 29. Nxc7+ Kf8 30. Nxd5 Rd8 31. Qb4+ Kg7 32. Qc3+ Kg8 33. Ne7+ Kh7 34. h5 Be4 35. Rg1 f6 36. Qxf6 Rd1+ 37. Kxd1 Bf3+ 38. Kc1 Bxh5 39. Qg7# 1-0

[Event "Western Asian Juniors Chess-ch 2023"]
[Site "Colombo"]
[Date "2023.11.30"]
[Round "1.7"]
[White "Galkotuwa, K A R G W D R B G"]
[Black "Manon, Reja Neer"]
[Result "1-0"]
[ECO "B15"]
[WhiteElo "1532"]
[BlackElo "2207"]
[Annotator "RC"]
[PlyCount "119"]
[EventDate "2023.11.30"]
[EventCountry "SRI"]
[SourceTitle "playchess.com"]
[Source "ChessBase"]
[SourceQuality "1"]
[TimeControl "5400+30"]

1. e4 c6 2. d4 d5 3. Nc3 dxe4 4. Nxe4 Nf6 5. Nxf6+ exf6 6. c3 Bd6 7. Bd3 O-O 8. Qc2 Re8+ 9. Ne2 h5 10. Be3 Nd7 11. O-O-O Nf8 12. c4 Be6 13. Nc3 Bb4 14. Be2 Qa5 15. a3 Bxc3 16. Qxc3 Qxc3+ 17. bxc3 Rad8 18. Rd2 Rd7 19. Rhd1 Red8 20. h3 h4 21. Bd3 Ng6 22. Re1 Ne5 23. dxe5 Rxd3 24. Rxd3 Rd5 25. Rd4 Rxd4 26. Kc2 Rd3 27. Kb3 Bf5 28. Bxa7 fxe5 29. Be3 f6 30. a4 Kf7 31. a5 Ke7 32. Ra1 Kd7 33. Rd1 g5 34. Re1 Ke6 35. Ra1 Kf7 36. Rc1 Kg6 37. Kb4 Be4 38. Rg1 f5 39. Bb6 Rd2 40. f3 Bd3 41. g3 hxg3 42. Rxg3 Be2 43. Rg2 e4 44. fxe4 f4 45. h4 g4 46. Bc7 f3 47. Rxg4+ Kh5 48. Rf4 Rd7 49. Bb6 Rg7 50. e5 Re7 51. Bd4 Re6 52. Kc5 Kg6 53. Rf6+ Rxf6 54. exf6 Bd3 55. Kb6 c5 56. Kxc5 f2 57. Bxf2 Kxf6 58. Kb6 Be4 59. c5 Ke7 60. c6 1-0

[Event "Western Asian Juniors Chess-ch 2023"]
[Site "Colombo"]
[Date "2023.11.30"]
[Round "1.8"]
[White "Mazhkenov, Alisher"]
[Black "Sumanathilake, Yonal"]
[Result "1-0"]
[ECO "A13"]
[WhiteElo "2105"]
[BlackElo "1524"]
[Annotator "RC"]
[PlyCount "105"]
[EventDate "2023.11.30"]
[EventCountry "SRI"]
[SourceTitle "playchess.com"]
[Source "ChessBase"]
[SourceQuality "1"]
[TimeControl "5400+30"]

1. Nf3 Nf6 2. c4 e6 3. e3 d5 4. b3 b6 5. Bb2 Bb7 6. Nc3 Nbd7 7. cxd5 exd5 8. Ne2 g6 9. g3 Bg7 10. Bg2 O-O 11. O-O Qe7 12. Rc1 c5 13. Nf4 Rfd8 14. d4 Ne4 15. Qe2 Rac8 16. dxc5 bxc5 17. Bxg7 Kxg7 18. Rfd1 Ndf6 19. Qb2 Kg8 20. Qe5 Qf8 21. h3 Re8 22. Qb2 Qe7 23. Re1 Rcd8 24. Nd2 Nxd2 25. Qxd2 Ne4 26. Qc2 Rc8 27. Qb2 Red8 28. Red1 Rc7 29. Qc2 Qe5 30. Bxe4 Rcd7 31. Bg2 Rc7 32. Nd3 Qe7 33. Nxc5 Rdc8 34. b4 a5 35. a3 axb4 36. axb4 Bc6 37. Bxd5 Bxd5 38. Rxd5 Rb8 39. Rcd1 h5 40. Qd2 Rbc8 41. Rd8+ Kh7 42. Rxc8 Rxc8 43. Qd7 Qf8 44. Ne6 Qg8 45. Ng5+ Kg7 46. Nxf7 Rf8 47. Nd8+ Kh6 48. Ne6 Rf6 49. Rd6 h4 50. g4 Rf3 51. g5+ Kh5 52. Ng7+ Qxg7 53. Qg4# 1-0

[Event "Western Asian Juniors Chess-ch 2023"]
[Site "Colombo"]
[Date "2023.11.30"]
[Round "1.9"]
[White "Induwara, T H D Thisarindu"]
[Black "Hommadov, Amanmuhammet"]
[Result "0-1"]
[ECO "B52"]
[WhiteElo "1494"]
[BlackElo "2055"]
[Annotator "NA RC"]
[PlyCount "91"]
[EventDate "2023.11.30"]
[EventCountry "SRI"]
[SourceTitle "playchess.com"]
[Source "ChessBase"]
[SourceQuality "1"]
[TimeControl "5400+30"]

1. e4 c5 2. Nf3 d6 3. Bb5+ Bd7 4. Bxd7+ Nxd7 5. O-O Ngf6 6. Re1 e6 7. c3 Be7 8. d4 cxd4 9. cxd4 d5 10. e5 Ne4 11. a3 O-O 12. Qd3 Qb6 13. Nbd2 Nxd2 14. Bxd2 Rfc8 15. h4 a6 16. Re3 Qc6 17. Rc1 Qa4 18. Bc3 b5 19. Nh2 a5 20. Rce1 Qb3 21. Rg3 b4 22. Ng4 Kh8 23. Qb5 Qc4 24. Qxd7 Rc7 25. b3 Qxc3 26. Rxc3 Rxd7 27. Rc2 bxa3 28. g3 h5 29. Ne3 Rb8 30. Ra2 Rxb3 31. Rea1 Rc7 32. Nd1 Rd3 33. Kf1 Rxd4 34. f3 Rdc4 35. Ke2 Rc2+ 36. Kd3 Rxa2 37. Rxa2 Bb4 38. Ke2 Rc1 39. Ne3 Rb1 40. Nd1 d4 41. g4 d3+ 42. Kxd3 Rxd1+ 43. Ke4 Rd2 44. Ra1 a2 45. Kf4 Bc3 46. Rc1 0-1

[Event "Western Asian Juniors Chess-ch 2023"]
[Site "Colombo"]
[Date "2023.11.30"]
[Round "1.10"]
[White "Halynyazow, Vepaly"]
[Black "Kodithuwakku, K K Dinujaya"]
[Result "1-0"]
[ECO "D44"]
[WhiteElo "2020"]
[BlackElo "1493"]
[Annotator "NA RC"]
[PlyCount "63"]
[EventDate "2023.11.30"]
[EventCountry "SRI"]
[SourceTitle "playchess.com"]
[Source "ChessBase"]
[SourceQuality "1"]
[TimeControl "5400+30"]

1. d4 Nf6 2. c4 e6 3. Nf3 d5 4. Bg5 Bb4+ 5. Nc3 dxc4 6. e3 b5 7. a4 c6 8. Be2 Bb7 9. O-O a6 10. Ne5 Nbd7 11. axb5 cxb5 12. Bf3 Qb6 13. Nxd7 Nxd7 14. Bxb7 Qxb7 15. Qg4 Nf6 16. Bxf6 gxf6 17. Ne4 f5 18. Nf6+ Ke7 19. Qh4 Kd6 20. d5 Kc7 21. b3 exd5 22. Rfd1 Rad8 23. Qf4+ Kb6 24. Qxf5 Bc3 25. Ra3 Bb4 26. Raa1 Bc3 27. Nxd5+ Rxd5 28. Rxd5 Bxa1 29. Rd6+ Ka5 30. Qb1 Be5 31. b4+ Ka4 32. Rd2 1-0

[Event "Western Asian Juniors Chess-ch 2023"]
[Site "Colombo"]
[Date "2023.11.30"]
[Round "2.1"]
[White "Liyanage, Ranindu Dilshan"]
[Black "Halynyazow, Vepaly"]
[Result "1/2-1/2"]
[ECO "B41"]
[WhiteElo "2400"]
[BlackElo "2020"]
[Annotator "TA"]
[PlyCount "50"]
[EventDate "2023.11.30"]
[EventCountry "SRI"]
[SourceTitle "playchess.com"]
[Source "ChessBase"]
[SourceQuality "1"]
[TimeControl "5400+30"]

1. c4 Nf6 2. Nc3 e6 3. e4 d6 4. d4 c5 5. Nf3 cxd4 6. Nxd4 a6 7. Be3 Be7 {[%emt 0:01:07] B41: Sicilian: Kan Variation: 5 c4.} 8. Be2 {[%emt 0:00:37] White is more active.} Qc7 9. Rc1 Nbd7 {[%emt 0:00:15] White is slightly better.} 10. f3 b6 {[%emt 0:00:40] [#]} 11. g4 $1 h6 12. h4 Bb7 13. Kd2 Ne5 14. Kc2 {[%emt 0:01:21] [#]} (14. g5 {is interesting.} Nfd7 15. gxh6 gxh6 16. Kc2) 14... Nfd7 $146 ({Predecessor:} 14... O-O-O 15. Kb1 Kb8 16. Rg1 g5 17. hxg5 hxg5 18. Qd2 Rdg8 19. Rh1 Rxh1 20. Rxh1 Qd8 21. Nc2 Nfd7 22. b3 Rg7 23. Bd1 Rg8 24. Be2 Rg7 25. Bd1 {½-½ Petersson,B (2247)-Nyander,J (2278) SWE-chT 1920 Superettan 2019 (9)}) 15. Kb1 Nc6 ({Better is} 15... Rc8) 16. Qd2 Nxd4 17. Bxd4 ({Don't do} 17. Qxd4 Bf6 18. Qd2 Ke7 $14) 17... Bf6 18. Be3 ({White should play} 18. Bxf6 Nxf6 19. b4) 18... O-O-O {[%emt 0:02:46] White is better.} 19. Bf4 Be5 20. Rhd1 Kb8 21. Be3 Rc8 22. Na4 Nc5 23. Qb4 Ka7 24. Nc3 g5 25. Qa3 {[%emt 0:03:22] [#] Strongly threatening Nb5+.} Kb8 {[%emt 0:00:08] Weighted Error Value: White=0.08 (flawless) /Black=0.10 (very precise)} 1/2-1/2

[Event "Western Asian Juniors Chess-ch 2023"]
[Site "Colombo"]
[Date "2023.11.30"]
[Round "2.2"]
[White "Dissanayake, R K T"]
[Black "De Silva, L M S T"]
[Result "1/2-1/2"]
[ECO "C88"]
[WhiteElo "1865"]
[BlackElo "2394"]
[Annotator "RC"]
[PlyCount "71"]
[EventDate "2023.11.30"]
[EventCountry "SRI"]
[SourceTitle "playchess.com"]
[Source "ChessBase"]
[SourceQuality "1"]
[TimeControl "5400+30"]

1. e4 e5 2. Nf3 Nc6 3. Bb5 a6 4. Ba4 Nf6 5. O-O Be7 6. Re1 b5 7. Bb3 O-O 8. d4 Nxd4 9. Nxd4 exd4 10. e5 Ne8 11. Qxd4 c5 12. Qe4 Rb8 13. c4 Bb7 14. Qe2 Nc7 15. Nc3 d6 16. Bf4 Ne6 17. Bg3 Nd4 18. Qd1 dxe5 19. Bxe5 Bd6 20. cxb5 axb5 21. Bxd4 cxd4 22. Ne4 Bb4 23. Re2 d3 24. Re3 Bxe4 25. Rxe4 Ba5 26. Qf3 d2 27. Rd1 Qd7 28. g3 Rb6 29. Rf4 Rd6 30. Kg2 Bd8 31. Bc2 Bf6 32. b4 Re8 33. h4 Qa7 34. Bb3 Qd7 35. Bc2 Qa7 36. Bb3 1/2-1/2

[Event "Western Asian Juniors Chess-ch 2023"]
[Site "Colombo"]
[Date "2023.11.30"]
[Round "2.3"]
[White "Harshavardhan G B"]
[Black "Nabil Nazar, Mohamed"]
[Result "1-0"]
[ECO "A57"]
[WhiteElo "2390"]
[BlackElo "1803"]
[Annotator "RC"]
[PlyCount "99"]
[EventDate "2023.11.30"]
[EventCountry "SRI"]
[SourceTitle "playchess.com"]
[Source "ChessBase"]
[SourceQuality "1"]
[TimeControl "5400+30"]

1. d4 Nf6 2. c4 c5 3. d5 b5 4. Qc2 bxc4 5. e4 e6 6. Bxc4 exd5 7. exd5 Be7 8. Ne2 O-O 9. O-O d6 10. Nbc3 Nbd7 11. Ng3 Nb6 12. b3 Re8 13. Bb2 a5 14. a4 Rb8 15. h3 Bd7 16. Rad1 Bf8 17. Bc1 h6 18. Bf4 Qc8 19. Kh2 Qb7 20. Qd3 Kh8 21. Be3 Re5 22. f4 Ree8 23. f5 Qc8 24. Bf4 Nxc4 25. bxc4 Rb4 26. Ra1 Qd8 27. Bd2 Rb8 28. Nb5 Ra8 29. Bc3 Bxb5 30. axb5 Nd7 31. f6 g6 32. Ra4 Ra7 33. Qc2 Ne5 34. Qa2 Qa8 35. Re1 Nd7 36. Rxe8 Qxe8 37. Rxa5 Rxa5 38. Qxa5 Qb8 39. Qa6 Nb6 40. Ba5 Nd7 41. b6 h5 42. b7 h4 43. Qa8 hxg3+ 44. Kxg3 Kh7 45. h4 g5 46. hxg5 Kg6 47. Kf4 Kh7 48. Kf5 Kg8 49. g6 fxg6+ 50. Ke4 1-0

[Event "Western Asian Juniors Chess-ch 2023"]
[Site "Colombo"]
[Date "2023.11.30"]
[Round "2.4"]
[White "Raahul V S"]
[Black "Liyanage, Pesandu Rashmitha"]
[Result "1/2-1/2"]
[ECO "A37"]
[WhiteElo "2350"]
[BlackElo "1766"]
[Annotator "RC"]
[PlyCount "58"]
[EventDate "2023.11.30"]
[EventCountry "SRI"]
[SourceTitle "playchess.com"]
[Source "ChessBase"]
[SourceQuality "1"]
[TimeControl "5400+30"]

1. c4 c5 2. Nc3 g6 3. Nf3 Bg7 4. g3 Nc6 5. Bg2 e5 6. O-O Nge7 7. d3 O-O 8. Ne1 d6 9. Nc2 Be6 10. Ne3 Rb8 11. Ned5 Nb4 12. f4 Nbxd5 13. cxd5 Bc8 14. fxe5 Bxe5 15. Bf4 Bxf4 16. Rxf4 b5 17. Qd2 b4 18. Nd1 f5 19. Ne3 g5 20. Rf2 Ng6 21. Raf1 f4 22. Nc4 Ba6 23. Be4 Bxc4 24. dxc4 Qf6 25. Bxg6 Qxg6 26. gxf4 Rxf4 27. Rxf4 gxf4+ 28. Kf2 Qh6 29. Rg1+ Kh8 1/2-1/2

[Event "Western Asian Juniors Chess-ch 2023"]
[Site "Colombo"]
[Date "2023.11.30"]
[Round "2.5"]
[White "Senevirathne, S D B K"]
[Black "Orozbaev, Eldiar"]
[Result "0-1"]
[ECO "B43"]
[WhiteElo "1802"]
[BlackElo "2278"]
[Annotator "RC"]
[PlyCount "174"]
[EventDate "2023.11.30"]
[EventCountry "SRI"]
[SourceTitle "playchess.com"]
[Source "ChessBase"]
[SourceQuality "1"]
[TimeControl "5400+30"]

1. e4 c5 2. Nc3 e6 3. Nf3 a6 4. d4 cxd4 5. Nxd4 Qc7 6. Bd3 Nc6 7. Nxc6 Qxc6 8. O-O b5 9. e5 Qc7 10. Re1 Bb7 11. Bf4 Ne7 12. Be4 Nc6 13. a3 O-O-O 14. Bg5 Re8 15. Qf3 Bc5 16. Rad1 f5 17. exf6 gxf6 18. Bf4 Qb6 19. b4 Bd4 20. Ne2 Be5 21. Bxe5 fxe5 22. Rd6 Ref8 23. Qe3 Qxe3 24. fxe3 Kc7 25. Red1 Rf7 26. Nc1 Ba8 27. Nb3 Nd4 28. Bxa8 Rxa8 29. Nxd4 Kxd6 30. Nxb5+ Ke7 31. Nd6 Rf6 32. c4 Raf8 33. Ne4 Rg6 34. Nc5 d6 35. Nxa6 Rgf6 36. c5 dxc5 37. Nxc5 Rf2 38. h4 Ra2 39. Rd7+ Kf6 40. Rxh7 Kg6 41. Re7 Rff2 42. Kh2 Rxg2+ 43. Kh3 Rge2 44. Kg4 Rxe3 45. h5+ Kf6 46. Rxe6+ Kf7 47. a4 Rxa4 48. Rb6 Ra1 49. Rb7+ Kf6 50. Rb6+ Ke7 51. Rb7+ Kd6 52. Rd7+ Kc6 53. h6 Rb1 54. Rb7 Rh1 55. Ra7 Reh3 56. Kg5 Rh5+ 57. Kf6 Rf1+ 58. Kg6 Rh4 59. Re7 Rg4+ 60. Kh7 Kd5 61. Rg7 Rxb4 62. Nd7 Rh4 63. Rg6 e4 64. Nb6+ Kd4 65. Rd6+ Kc5 66. Re6 Rf7+ 67. Kg6 Rb7 68. Nc8 Kd5 69. Re8 Kd4 70. Ne7 Rb6+ 71. Kg5 Rh2 72. Nf5+ Kd3 73. Re7 Rg2+ 74. Kh4 Rbg6 75. Kh3 R2g5 76. Rd7+ Kc3 77. Rc7+ Kd2 78. Rd7+ Ke1 79. Nh4 Re6 80. h7 Rh5 81. Kg3 e3 82. Ng2+ Kf1 83. Rf7+ Kg1 84. Kg4 Rxh7 85. Rxh7 Kxg2 86. Ra7 e2 87. Ra2 Kf1 0-1

[Event "Western Asian Juniors Chess-ch 2023"]
[Site "Colombo"]
[Date "2023.11.30"]
[Round "2.6"]
[White "Galkotuwa, K A R G W D R B G"]
[Black "Mazhkenov, Alisher"]
[Result "0-1"]
[ECO "B90"]
[WhiteElo "1532"]
[BlackElo "2105"]
[Annotator "NA RC"]
[PlyCount "70"]
[EventDate "2023.11.30"]
[EventCountry "SRI"]
[SourceTitle "playchess.com"]
[Source "ChessBase"]
[SourceQuality "1"]
[TimeControl "5400+30"]

1. e4 c5 2. Nf3 d6 3. d4 cxd4 4. Nxd4 Nf6 5. Nc3 a6 6. Be3 e5 7. Nb3 Be6 8. f3 h5 9. Be2 Nbd7 10. Qd2 Rc8 11. Rd1 Be7 12. O-O O-O 13. f4 b5 14. f5 Bc4 15. Rf3 b4 16. Bxc4 Rxc4 17. Nd5 Nxd5 18. exd5 Qc7 19. Na1 Nf6 20. b3 Rc3 21. Qe2 Ng4 22. Bd2 Qc5+ 23. Kh1 Rxf3 24. gxf3 Nf2+ 25. Kg2 Nxd1 26. Qxd1 Qd4 27. Qc1 e4 28. c3 exf3+ 29. Kxf3 Qd3+ 30. Kf2 Bh4+ 31. Kg1 Re8 32. Nc2 Re4 33. Ne3 bxc3 34. Qxc3 Qxc3 35. Bxc3 Rxe3 0-1

[Event "Western Asian Juniors Chess-ch 2023"]
[Site "Colombo"]
[Date "2023.11.30"]
[Round "2.7"]
[White "Hommadov, Amanmuhammet"]
[Black "Senevirathne, D C B K"]
[Result "1-0"]
[ECO "B22"]
[WhiteElo "2055"]
[BlackElo "1482"]
[Annotator "NA RC"]
[PlyCount "47"]
[EventDate "2023.11.30"]
[EventCountry "SRI"]
[SourceTitle "playchess.com"]
[Source "ChessBase"]
[SourceQuality "1"]
[TimeControl "5400+30"]

1. e4 c5 2. Nf3 e6 3. c3 Nc6 4. d4 cxd4 5. cxd4 Nf6 6. Nc3 Bb4 7. Bd3 d5 8. e5 Ne4 9. O-O Nxc3 10. bxc3 Bxc3 11. Rb1 Qa5 12. a3 Bxd4 13. Nxd4 Nxd4 14. Qg4 Nc6 15. Qxg7 Rf8 16. Bh6 Qxa3 17. Rfc1 Bd7 18. Rc3 Qe7 19. Rxb7 Rb8 20. Rxb8+ Nxb8 21. Rb3 Nc6 22. Rb7 Nd8 23. Rxa7 Nc6 24. Ra8+ 1-0

[Event "Western Asian Juniors Chess-ch 2023"]
[Site "Colombo"]
[Date "2023.11.30"]
[Round "2.8"]
[White "Mujahid Bin Yazeed"]
[Black "Thilakarathne, G M H"]
[Result "0-1"]
[ECO "B06"]
[WhiteElo "1832"]
[BlackElo "2389"]
[Annotator "RC"]
[PlyCount "56"]
[EventDate "2023.11.30"]
[EventCountry "SRI"]
[SourceTitle "playchess.com"]
[Source "ChessBase"]
[SourceQuality "1"]
[TimeControl "5400+30"]

1. e4 g6 2. d4 Bg7 3. Nf3 d6 4. Nc3 a6 5. a4 Nd7 6. Bc4 e6 7. h4 h6 8. Ne2 Ne7 9. Bb3 d5 10. e5 c5 11. c3 b6 12. Bc2 a5 13. h5 g5 14. O-O Ba6 15. Ne1 Nc6 16. Nd3 Qe7 17. b3 f5 18. exf6 Bxf6 19. Re1 O-O-O 20. Ba3 e5 21. dxc5 bxc5 22. Nd4 Qd6 23. Nf5 Qf8 24. Qg4 Kc7 25. Nxc5 Nxc5 26. b4 e4 27. b5 Bc8 28. bxc6 Be5 0-1